 Dungeon Crawl Stone Soup version 0.22.1-6-g1668fe2 (webtiles) character file.

65 dengdeng the Chopper (level 3, -16/33 HPs)
             Began as a Minotaur Berserker on Jan 23, 2019.
             Was a Follower of Trog.
             Demolished by a tentacled starspawn (27 damage)
             ... on level 1 of the Abyss.
             The game lasted 00:06:18 (751 turns).

dengdeng the Chopper (Minotaur Berserker)            Turns: 751, Time: 00:06:21

Health: -16/33     AC:  9    Str: 22    XL:     3   Next: 94%
Magic:  2/2        EV:  8    Int:  4    God:    Trog [*.....]
Gold:   60         SH:  0    Dex:  9    Spells: 2/2 levels left

rFire    . . .     SeeInvis .   a - +0 hand axe
rCold    . . .     Gourm    .   (no shield)
rNeg     . . .     Faith    .   h - -1 chain mail (curse)
rPois    .         Spirit   .   (helmet restricted)
rElec    .         Reflect  .   p - +0 cloak
rCorr    .         Harm     .   (no gloves)
MR       .....                  (no boots)
Stlth    ..........             (no amulet)
HPRegen  0.00/turn              (no ring)
MPRegen  0.08/turn              (no ring)

@: non-regenerating, diseased, very slow
A: retaliatory headbutt, horns 2
a: Berserk, Renounce Religion


You were on level 1 of the Abyss.
You worshipped Trog.
Trog was aware of your devotion.
You were not hungry.

You visited 1 branch of the dungeon, and saw 2 of its levels.
You visited the Abyss 1 time.

You collected 60 gold pieces.

Inventory:

Hand Weapons
 a - a +0 hand axe (weapon)
 n - a +0 whip of distortion
Missiles
 d - 70 stones (quivered)
 i - 3 javelins
Armour
 h - a cursed -1 chain mail (worn)
 p - a +0 cloak (worn)
Jewellery
 l - an uncursed ring of fire {unknown}
Scrolls
 b - a scroll of identify {unknown}
 e - a scroll of blinking {unknown}
 j - a scroll of remove curse {unknown}
 m - a scroll of immolation {unknown}
Potions
 f - a potion of berserk rage {unknown}
 k - a potion of brilliance {unknown}
 o - a potion of lignification {unknown}
 q - a potion of curing {unknown}
 r - a potion of heal wounds {unknown}
 s - 2 potions of cancellation {unknown}
Comestibles
 c - 3 rations
 g - 5 chunks of flesh


   Skills:
 + Level 4.1 Fighting
 * Level 5.0 Axes
 + Level 0.3(3.1) Maces & Flails
 + Level 2.9 Armour
 + Level 2.4 Dodging
 + Level 0.1 Stealth


You had 2 spell levels left.
You didn't know any spells.
Your spell library was empty.

Dungeon Overview and Level Annotations

Branches:
Dungeon (2/15)

Altars:


Innate Abilities, Weirdness & Mutations

You reflexively headbutt those who attack you in melee.
You have a pair of horns on your head.


Message History

The starspawn tentacle grabs you. The starspawn tentacle constricts you.
You escape the starspawn tentacle's grasp.
The starspawn tentacle grabs you. The starspawn tentacle constricts you.
The tentacled starspawn barely misses you.
You furiously retaliate!
You headbutt the tentacled starspawn, but do no damage.
The tentacled starspawn engulfs you. The starspawn tentacle constricts you.
You escape the starspawn tentacle's grasp.
The starspawn tentacle barely misses you.
The starspawn tentacle grabs you. The starspawn tentacle constricts you.
The starspawn tentacle's grasp on you weakens, but your attempt to escape The starspawn tentacle constricts you.
You escape the starspawn tentacle's grasp.
The tentacled starspawn bites you!
The tentacled starspawn closely misses you.
You feel ill.
The starspawn tentacle closely misses you.
The tentacled starspawn bites you!!
Ouch! That really hurt!
You die...

. # ≈≈≈≈≈♣#....#.##
##.#≈≈≈≈≈≈≈.###... .
#.#.##♣≈≈≈≈≈≈...#
##.# X#.#
#≈≈≈≈≈≈≈.###..# .##
#.≈≈≈≈≈≈≈≈....# . #
.##!≈≈≈≈≈≈≈### ..#
#.)##..#≈≈≈≈≈≈≈≈#..#
## ##..##≈wXx≈≈≈..#
....#...<≈@≈≈≈≈≈#
.........#w≈≈≈≈≈≈≈.
.#.##..#.##.♣≈≈≈≈≈≈
###..#.#.###≈≈≈≈≈≈
.....# # #≈≈≈≈ ... .
.♣≈≈ .. . . ≈ #


You could see a tentacled starspawn, an ancient zyme and 2 starspawn tentacles.

Vanquished Creatures
  Jessica (D:2)
  6 goblins (D:1)
  2 hobgoblins (D:1)
  8 jackals (D:1)
  5 kobolds (D:1)
  A quokka (D:2)
  2 ball pythons (D:1)
  6 frilled lizards
  3 rats (D:1)
34 creatures vanquished.

Vanquished Creatures (others)
  A dart slug (D:2)
  2 starspawn tentacles (Abyss:1)
3 creatures vanquished.

Grand Total: 37 creatures vanquished

Notes
Turn   | Place    | Note
-------+----------+-------------------------------------------
     0 | D:1      | dengdeng the Minotaur Berserker began the quest for the
                  | Orb.
     0 | D:1      | Reached XP level 1. HP: 19/19 MP: 0/0
    63 | D:1      | Reached skill level 4 in Axes
    69 | D:1      | Reached XP level 2. HP: 27/27 MP: 1/1
   359 | D:1      | Reached XP level 3. HP: 31/33 MP: 2/2
   684 | D:2      | Noticed Jessica
   690 | D:2      | Killed Jessica
   690 | D:2      | Reached skill level 5 in Axes
   725 | D:2      | Cast into level 1 of the Abyss (a distortion unwield)
   725 | Abyss:1  | Found a corrupted altar of Lugonu.
   728 | Abyss:1  | Noticed an ancient zyme
   736 | Abyss:1  | Noticed a tentacled starspawn
   751 | Abyss:1  | Demolished by a tentacled starspawn

Skill      XL: |  1  2  3 |
---------------+----------+-----
Axes           | 4 5 |  5.0
Fighting       | 4 |  4.1
Maces & Flails | |  0.3
Armour         | |  2.9
Dodging        | |  2.4
Stealth        | |  0.1

Action                   || total
-------------------------++-------
Melee: Hand axe          ||    45
       Headbutt          ||     9
       Whip              ||    20
Armor: Animal skin       ||     1
       Chain mail        ||    41
Dodge: Dodged            ||    56
